Map: [ESL] Oceanborn

Players

Astrea

  • Race: Protoss Protoss
  • Spawn Location: 11:00

SKillous - Winner!

  • Race: Protoss Protoss
  • League: Diamond
  • Spawn Location: 5:00

Event: IEM Katowice 2024

VOD

Have the link to the VOD?

Description

Time

  • Played on: Feb. 10, 2024, 7:49 a.m.
  • Length: 10:09

All games in this series

Show
View Real Time Build Order
Export as new Build Order

Astrea Protoss 

Build Orders: Phoenix Opening 

Get SALT Encoding   

  12  0:00  Probe  
  13  0:12  Probe  
  14  0:17  Pylon  
  14  0:24  Probe (Chrono Boost)  
  15  0:36  Gateway, Probe (Chrono Boost)  
  16  0:44  Probe (Chrono Boost)  
  16  0:45  Assimilator  
  17  0:51  Probe  
  17  0:53  Assimilator  
  18  1:03  Probe (Chrono Boost)  
  19  1:05  Gateway  
  20  1:12  Probe (Chrono Boost)  
  20  1:17  Probe (Chrono Boost)  
  20  1:24  Cybernetics Core  
  21  1:29  Probe  
  21  1:31  Pylon  
  22  1:41  Probe  
  23  1:53  Probe  
  24  1:59  Stargate  
  24  2:00  Adept  
  26  2:02  Adept  
  26  2:08  Warp Gate  
  28  2:13  Pylon  
  28  2:20  Probe  
  29  2:33  Stalker  
  29  2:34  Stalker  
  33  2:45  Phoenix (Chrono Boost)  
  35  2:54  Pylon  
  35  3:07  Shield Battery  
  35  3:09  Phoenix (Chrono Boost)  
  37  3:19  Probe  
  37  3:30  Phoenix (Chrono Boost)  
  37  3:32  Probe  
  38  3:49  Phoenix  
  38  3:56  Nexus  
  39  4:06  Adept  
  39  4:07  Adept  
  42  4:12  Probe  
  43  4:21  Robotics Facility  
  43  4:25  Probe  
  44  4:37  Phoenix, Probe  
  47  4:44  Pylon  
  47  4:50  Probe  
  42  5:02  Probe  
  43  5:08  Immortal (Chrono Boost)  
  43  5:10  Shield Battery  
  48  5:17  Stalker  
  49  5:21  Stalker  
  49  5:23  Probe  
  49  5:25  Probe  
  53  5:40  Immortal (Chrono Boost)  
  55  5:45  Probe  
  56  5:50  Probe  
  56  5:56  Oracle  
  60  5:59  Probe  
  60  6:01  Pylon  
  61  6:06  Probe  
  62  6:12  Probe  
  62  6:16  Twilight Council  
  63  6:19  Probe  
  63  6:20  Assimilator  
  63  6:21  Pylon  
  63  6:23  Assimilator  
  63  6:24  Shield Battery, Probe  
  65  6:27  Observer (Chrono Boost)  
  65  6:31  Probe  
  67  6:35  Gateway  
  67  6:36  Probe  
  67  6:38  Gateway  
  68  6:43  Probe  
  69  6:48  Probe  
  69  6:50  Warp Prism (Chrono Boost)  
  69  6:54  Dark Shrine  
  72  7:03  Probe x2  
  72  7:06  Pylon  
  72  7:08  Blink (Chrono Boost)  
  71  7:27  Observer  
  71  7:29  Nexus  
  71  7:30  Pylon  
  71  7:40  Stalker x3  
  77  7:45  Probe  
  77  7:46  Probe  
  79  7:51  Shield Battery, Stalker  
  79  7:58  Probe x2  
  83  8:05  Dark Templar x3  
  83  8:09  Dark Templar  
  83  8:10  Dark Templar, Probe  
  88  8:13  Probe  
  89  8:20  Stalker x2  
  89  8:22  Probe  
  89  8:25  Probe  
  89  8:26  Shadow Stride (Chrono Boost), Forge  
  96  8:34  Probe  
  96  8:37  Probe  
  95  8:46  Probe  
  95  8:47  Stalker x4  
  103  8:48  Probe  
  103  8:49  Probe  
  102  8:58  Probe  
  102  9:00  Probe  
  102  9:01  Probe  
  95  9:10  Probe  
  95  9:12  Probe  
  89  9:18  Stalker x4  
  89  9:21  Assimilator  
  89  9:22  Assimilator  
  95  9:29  Observer  
  90  9:33  Shield Battery  
  90  9:35  Gateway, Photon Cannon  
  90  9:36  Gateway  
  90  9:42  Shield Battery, Stalker  
  90  9:46  Dark Templar x2  
  90  9:52  Stalker  
Show
View Real Time Build Order
Export as new Build Order

SKillous Protoss - Winner!

Build Orders:  

Get SALT Encoding   

  12  0:00  Probe  
  13  0:12  Probe  
  14  0:17  Pylon  
  14  0:24  Probe  
  15  0:35  Gateway  
  15  0:37  Probe (Chrono Boost)  
  16  0:46  Assimilator, Probe (Chrono Boost)  
  17  0:51  Probe (Chrono Boost)  
  17  0:55  Assimilator  
  18  1:03  Probe (Chrono Boost)  
  19  1:08  Gateway  
  19  1:14  Probe (Chrono Boost)  
  20  1:18  Probe (Chrono Boost)  
  20  1:23  Cybernetics Core  
  21  1:30  Probe  
  22  1:34  Pylon  
  22  1:42  Probe  
  23  1:54  Probe  
  24  2:00  Adept, Warp Gate, Stalker  
  28  2:06  Probe  
  28  2:07  Pylon  
  29  2:20  Probe  
  30  2:30  Stalker  
  32  2:45  Probe  
  32  2:47  Nexus  
  33  2:56  Stalker  
  35  2:59  Probe  
  35  3:03  Shield Battery  
  36  3:11  Probe  
  37  3:18  Robotics Facility  
  35  3:23  Pylon, Probe  
  36  3:35  Probe  
  36  3:37  Pylon  
  36  3:38  Shield Battery  
  36  3:40  Twilight Council  
  37  3:48  Stalker x2  
  39  3:51  Probe  
  40  3:57  Robotics Facility  
  40  4:01  Probe  
  41  4:04  Shield Battery  
  41  4:06  Probe  
  42  4:11  Sentry  
  42  4:14  Stalker  
  42  4:16  Probe  
  47  4:18  Probe  
  47  4:22  Blink (Chrono Boost)  
  47  4:26  Probe  
  47  4:28  Probe (Chrono Boost)  
  46  4:37  Stalker  
  47  4:40  Probe (Chrono Boost)  
  47  4:43  Stalker  
  50  4:46  Observer  
  50  4:52  Probe (Chrono Boost)  
  50  4:53  Probe (Chrono Boost)  
  50  5:00  Probe (Chrono Boost)  
  50  5:04  Probe (Chrono Boost), Stalker  
  50  5:05  Probe (Chrono Boost)  
  54  5:10  Stalker  
  56  5:15  Probe (Chrono Boost)  
  56  5:19  Pylon  
  58  5:21  Probe (Chrono Boost)  
  58  5:26  Probe (Chrono Boost)  
  59  5:31  Probe (Chrono Boost)  
  59  5:33  Probe  
  59  5:34  Nexus  
  61  5:35  Observer  
  61  5:42  Probe  
  62  5:47  Probe  
  57  5:54  Probe  
  57  5:55  Stalker x2  
  60  5:59  Probe  
  60  6:00  Forge  
  61  6:06  Probe  
  61  6:07  Assimilator  
  61  6:10  Gateway  
  62  6:11  Probe  
  62  6:12  Pylon  
  64  6:18  Probe  
  64  6:19  Observer  
  64  6:23  Sentry, Stalker  
  64  6:24  Probe  
  70  6:26  Protoss Ground Weapons Level 1 (Chrono Boost)  
  70  6:32  Probe  
  71  6:33  Shield Battery  
  71  6:36  Probe  
  71  6:38  Pylon  
  72  6:44  Probe  
  72  6:46  Gateway  
  73  6:47  Gateway  
  73  6:48  Probe  
  73  6:51  Probe  
  75  6:56  Probe  
  75  6:58  Stalker x2  
  75  6:59  Pylon  
  80  7:01  Probe  
  81  7:09  Probe  
  81  7:11  Probe  
  81  7:13  Stalker  
  85  7:16  Probe  
  85  7:18  Gateway  
  85  7:20  Gateway  
  85  7:22  Stalker x2  
  90  7:23  Observer  
  90  7:26  Probe  
  90  7:28  Observer, Probe  
  90  7:29  Probe  
  93  7:34  Pylon  
  92  7:39  Probe  
  92  7:41  Probe  
  92  7:42  Nexus  
  94  7:46  Pylon  
  94  7:53  Photon Cannon x2, Charge (Chrono Boost)  
  94  7:54  Photon Cannon  
  93  7:59  Assimilator  
  93  8:00  Probe  
  93  8:01  Protoss Ground Weapons Level 2 (Chrono Boost)  
  94  8:12  Stalker x3  
  100  8:14  Stalker  
  100  8:16  Stalker  
  103  8:20  Probe x3  
  103  8:23  Warp Prism  
  103  8:26  Stalker x2  
  110  8:32  Probe  
  113  8:39  Stalker  
  113  8:40  Photon Cannon  
  102  8:56  Stalker x4  
  102  8:59  Observer  
  102  9:03  Probe  
  102  9:06  Probe x2  
  102  9:07  Probe  
  106  9:15  Probe  
  106  9:16  Stalker x3  
  111  9:19  Gateway  
  111  9:21  Gateway  
  107  9:28  Observer, Stalker  
  107  9:29  Stalker x3  
  107  9:30  Probe x3  
  107  9:31  Probe  
  119  9:42  Probe  
  118  9:47  Stalker  
  118  9:48  Stalker x2  
  118  9:52  Probe  
  115  9:58  Stalker x3  

Tags
 
Add a new tag
Caveats
  • Supply blocks, unpowered buildings, or Contaminate may cause inaccurate times.
  • Supply counts are checked every 10 seconds.